 Dungeon Crawl Stone Soup version 0.30-a0-1016-gfb0d676c02 (webtiles) character file.

Game seed: 3052075464058226329

261 juan097 the Sneak (level 5, -1/21 HPs)
             Began as a Felid Air Elementalist on Apr 6, 2023.
             Was an Initiate of Vehumet.
             Slain by a scorpion (7 damage)
             ... on level 6 of the Dungeon.
             The game lasted 00:18:59 (5231 turns).

juan097 the Sneak (Felid Air Elementalist)          Turns: 5231, Time: 00:18:59

Health: -1/21      AC:  2    Str:  1 (4)  XL:     5   Next: 96%
Magic:  7/10       EV: 18    Int: 17 (18) God:    Vehumet [......]
Gold:   267        SH:  0    Dex: 16 (17) Spells: 0/10 levels left
                                        Lives:  0   Deaths: 2

rFire   . . .      SeeInvis +    (weapon unavailable)
rCold   . . .      Faith    .    (shield unavailable)
rNeg    + . .      Spirit   .    (body armour unavailable)
rPois   .          Reflect  .    (helmet unavailable)
rElec   .          Rampage  .    (cloak unavailable)
rCorr   .                        (gloves unavailable)
Will    .....                    (boots unavailable)
Stlth   +++                      f - amulet of magic regeneration
HPRegen 0.23/turn                r - ring of positive energy
MPRegen 0.52/turn                (no ring)

@: quick
A: very small, claws 1, fangs 3, see invisible, speed 1, shaggy fur 2, stealthy
paws, no weapons or thrown items, no armour, multi-lived
a: Renounce Religion


You were on level 6 of the Dungeon.
You worshipped Vehumet.
Vehumet was noncommittal.
You visited 2 branches of the dungeon, and saw 8 of its levels.

You collected 267 gold pieces.

Inventory:

Jewellery
 f - an amulet of magic regeneration (around neck)
 r - a ring of positive energy (left paw)
Scrolls
 g - 2 scrolls of identify {unknown}
 h - 4 scrolls of amnesia {unknown}
 k - 2 scrolls of poison {unknown}
 l - 2 scrolls of teleportation {unknown}
 p - a scroll of fog {unknown}
 q - a scroll of immolation {unknown}
Potions
 a - a potion of magic
 b - 2 potions of degeneration
 d - a potion of berserk rage {unknown}
 e - 2 potions of lignification {unknown}
 i - 3 potions of flight {unknown}
 j - a potion of brilliance {unknown}
 m - a potion of haste {unknown}
 n - 2 potions of invisibility {unknown}
 o - a potion of might {unknown}


   Skills:
 - Level 4.0 Dodging
 + Level 6.3 Stealth
 - Level 3.0 Spellcasting
 - Level 4.0 Conjurations
 + Level 4.7 Air Magic


You couldn't memorise any spells.
You knew the following spells:

 Your Spells              Type           Power      Damage    Failure   Level
a - Shock                 Conj/Air       68%        1d7       3%          1
b - Static Discharge      Conj/Air       34%        2-4/arc   4%          2
c - Swiftness             Air            18%        N/A       8%          3
d - Airstrike             Air            9%         2d(2-18)  24%         4

Your spell library contained the following spells:

 Spells                   Type           Power      Damage    Failure   Level
 Beastly Appendage        Tmut           4%         N/A       17%         1
 Slow                     Hex            8%         N/A       17%         1
 Wereblood                Tmut           2%         N/A       26%         2
 Confusing Touch          Hex            2%         N/A       45%         3
 Spider Form              Tmut/Pois      2%         N/A       45%         3
 Tukima's Dance           Hex            2%         N/A       45%         3
 Vampiric Draining        Necr           2%         2d6       45%         3
 Volatile Blastmotes      Fire/Tloc      4%         2d10      45%         3
 Fulminant Prism          Conj/Hex       4%         3d5       58%         4
 Iskenderun's Mystic Bla  Conj/Tloc      9%         2d4       58%         4
 Leda's Liquefaction      Hex/Erth       1%         N/A       86%         4
 Passage of Golubria      Tloc           2%         N/A       86%         4
 Lee's Rapid Deconstruct  Erth           1%         3d4*      99%         5
 Yara's Violent Unravell  Hex/Tmut       1%         3d3       99%         5
 Statue Form              Tmut/Erth      1%         N/A       100%        6


Dungeon Overview and Level Annotations

Branches:
Dungeon (7/15)             Temple (1/1) D:4

Altars:
Ashenzari
Cheibriados
Dithmenos
Gozag
Kikubaaqudgha
Nemelex Xobeh
Okawaru
Ru
Sif Muna
Uskayaw
Vehumet
Wu Jian
Yredelemnul
The Shining One

Shops:
D:7 [

Annotations:
D:4 Ijyb


Innate Abilities, Weirdness & Mutations

You have sharp claws.
You have razor-sharp teeth.
You have supernaturally acute eyesight. (SInv)
You cover ground quickly. (Speed+)
You are covered in thick fur. (AC +2)
Your paws help you pounce on unaware monsters.
You are incapable of wielding weapons or throwing items.
You cannot wear armour.
You gain extra lives every three experience levels.


Message History

There was something very wrong with that liquid.
You feel weakened.
You feel dopey.
You feel clumsy.
You feel very sick. The scorpion misses you.
It was a potion of curing.
You feel better. The scorpion closely misses you.
Casting: Static Discharge (safe; 4% risk of failure)
Confirm with . or Enter, or press ? or * to list all spells.
The scorpion is struck by an arc of lightning.
The scorpion is moderately wounded.
You are struck by an arc of lightning.
The scorpion is struck by an arc of lightning.
The scorpion is heavily wounded.
The lightning grounds out.
The scorpion completely misses you. The scorpion completely misses you.
The scorpion misses you. The scorpion completely misses you.
You climb downwards.
There is a stone staircase leading up here.
Casting: Static Discharge (safe; 4% risk of failure)
Confirm with . or Enter, or press ? or * to list all spells.
The scorpion is struck by an arc of lightning.
The scorpion is severely wounded.
You are struck by an arc of lightning.
The lightning grounds out.
The scorpion misses you. The scorpion stings you.
* * * LOW HITPOINT WARNING * * *
You are lethally poisoned!
The scorpion poisons you!
Unknown command.
You feel better. The scorpion stings you.
Casting: Static Discharge (safe; 4% risk of failure)
Confirm with . or Enter, or press ? or * to list all spells.
The scorpion is struck by an arc of lightning.
The scorpion is severely wounded.
You are struck by an arc of lightning.
The scorpion is struck by an arc of lightning.
The scorpion is almost dead.
You are struck by an arc of lightning.
* * * LOW HITPOINT WARNING * * *
The lightning grounds out.
The scorpion barely misses you. The scorpion misses you.
The scorpion stings you!
You die...

##.#
#...........#.#####)#..##.
...#
#.#..............##.#..##.
##.#
#.#.###.#..##.##..........
#.# #.#<###.#..#
.#........... #.#
#.....#.#..# #...###..###
#.#####.###.#.#..# #..##
#..### #.......# #...#..#
###. #.....
#######.###.###..#
####.#### ######.....#
#@.# #...#### #......#.###
#s...# #.......
###.#####..######.###
#######. ......#.......#
.. ##.......
#.....#......## .##
#........ ##....#.....##
.# ########. ##...#....##
## #. ##..#...## ..
##.#..## ..#


You could see a scorpion.

Vanquished Creatures
  3 ogres
  A hound (D:4)
  A jelly (D:6)
  2 orc priests
  2 sleepcaps
  An iguana (D:3)
  An orc wizard (D:3)
  8 adders
  A shadow imp (D:5)
  3 worms (D:2)
  4 dart slugs
  19 orcs
  7 ball pythons
  7 bats
  10 endoplasms
  5 giant cockroaches
  5 goblins
  5 hobgoblins (D:1)
  3 jackals (D:3)
  10 kobolds
  6 quokkas
  5 frilled lizards
  2 rats
111 creatures vanquished.

Notes
Turn   | Place    | Note
-------+----------+-------------------------------------------
     0 | D:1      | juan097 the Felid Air Elementalist began the quest for the
                  | Orb.
     0 | D:1      | Reached XP level 1. HP: 7/7 MP: 4/4
    39 | D:1      | Reached skill level 1 in Conjurations
   114 | D:1      | Reached skill level 3 in Stealth
   196 | D:1      | Reached XP level 2. HP: 11/11 MP: 6/6
   763 | D:1      | Reached XP level 3. HP: 14/14 MP: 5/7
  1045 | D:2      | Learned a level 2 spell: Static Discharge
  1049 | D:2      | Learned a level 3 spell: Swiftness
  1305 | D:2      | Reached skill level 4 in Stealth
  1379 | D:2      | Reached XP level 4. HP: 18/18 MP: 6/8
  2051 | D:3      | Found an iron altar of Okawaru.
  2104 | D:3      | Reached XP level 5. HP: 16/21 MP: 5/9
  3286 | D:4      | Noticed Ijyb
  3433 | D:4      | You fall into a shaft and drop 3 floors!
  3509 | D:7      | Found Waippuip's Armour Emporium.
  3599 | D:6      | Gained mutation: You are covered in thick fur. (AC +2)
                  | [Felid growth]
  3599 | D:6      | Reached XP level 6. HP: 11/24 MP: 6/10
  3889 | D:6      | Found a snail-covered altar of Cheibriados.
  3922 | D:5      | Entered Level 5 of the Dungeon
  4092 | D:4      | Found a staircase to the Ecumenical Temple.
  4096 | D:4      | Found a basalt altar of Yredelemnul.
  4136 | D:4      | Reached skill level 5 in Stealth
  4143 | Temple   | Entered the Ecumenical Temple
  4231 | D:4      | Reached XP level 7. HP: 27/27 MP: 9/12
  4472 | D:4      | Learned a level 4 spell: Airstrike
  4472 | D:4      | Found a radiant altar of Vehumet.
  4486 | D:4      | Became a worshipper of Vehumet
  4794 | D:4      | Found a glowing golden altar of the Shining One.
  5000 | D:5      | Shot with an arrow by a centaur
  5001 | D:5      | Reached XP level 6. HP: 0/24 MP: 11/11
  5018 | D:5      | Reached skill level 6 in Stealth
  5047 | D:5      | Slain by a centaur
  5048 | D:5      | Reached XP level 5. HP: 0/21 MP: 6/10
  5059 | D:5      | Noticed an ice beast
  5124 | D:5      | Killed an ogre
  5160 | D:6      | Found a broken altar of Ashenzari.
  5231 | D:6      | Slain by a scorpion

Illustrated notes

Levels and vault maps discovered:
D:1:      nzn_arrival_water_spiral, layout_basic, minmay_heptomino_h4
D:2:      layout_loops_ring, minmay_misc_feat_diagonals
D:3:      layout_loops_ring, okawaru_metal_pillars_1_2, palyth_stone_intersect
D:4:      layout_layer_cave, kennysheep_little_box, vehumet_crystals, tso_altar,
          minmay_temple_entry_glass, uniq_ijyb
D:5:      layout_cave_pools, serial_column_ruins, column_ruins_temple_hall,
          column_ruins_hut, column_ruins_columns_dead_end,
          column_ruins_open_tiny, column_ruins_open_large,
          column_ruins_corridor_corner, column_ruins_open_tiny
D:6:      layout_loops_ring, lemuel_crystal_altar, nicolae_ashenzari_panopticon,
          nicolae_hepliaklqana_hippocampus, corexii_shack,
          roderic_serpentine_path, grunt_decor_resistance, uniq_blork_the_orc
D:7:      layout_basic, mainiacjoe_overflow_24_doors, lemuel_doored_altar,
          serial_shops, shop, shop_fountains, shop, nicolae_square_shop,
          uniq_maggie
Temple:   nicolae_temple_ecumenical_triangle

Skill      XL: |  1  2  3  4  5  6 |
---------------+-------------------+-----
Conjurations   | 1 2 4 |  4.0
Stealth        | 3 4 6 |  6.3
Air Magic      | 3 4 |  4.7
Dodging        | 3 4 |  4.0
Spellcasting   | 3 |  3.0

Action                     |  1- 3 |  4- 6 |  7- 9 || total
---------------------------+-------+-------+-------++-------
  Melee: Unarmed           |     4 |     4 |     1 ||     9
   Cast: Shock             |    84 |   160 |    11 ||   255
         Static Discharge  |     2 |    33 |     3 ||    38
         Swiftness         |       |     1 |       ||     1
    Use: Potion            |       |     3 |       ||     3
   Stab: Sleeping          |     4 |     3 |     1 ||     8
 Armour: Skin              |     2 |     3 |     1 ||     6
  Dodge: Dodged            |    31 |    50 |     4 ||    85

Table legend: (Time is in decaauts)
 A = Elapsed time spent in this place.
 B = Non-inter-level travel time spent in this place.
 C = Inter-level travel time spent in this place.
 D = Time resting spent in this place.
 E = Time spent auto-exploring this place.
 F = Levels seen in this place.
 G = Mean time per level.
                   A        B        C        D        E       F      G
               +--------+--------+--------+--------+--------+-----+--------+
         Total |   4451 |   4236 |    215 |      0 |   3181 |   8 |  556.4 |
       Dungeon |   4411 |   4196 |    215 |      0 |   3157 |   7 |  630.1 |
        Temple |     39 |     39 |      0 |      0 |     24 |   1 |   39.0 |
               +--------+--------+--------+--------+--------+-----+--------+

Top non-repeatable levels by time:
     D:4: 1283 daAuts
     D:1: 892 daAuts
     D:3: 868 daAuts
     D:2: 703 daAuts
     D:6: 402 daAuts
     D:5: 189 daAuts
     D:7: 71 daAuts
  Temple: 39 daAuts
